 Dungeon Crawl Stone Soup version 0.28-a0-628-g3c9886e45e (webtiles) character file.

Game seed: 14509664403612914044

53 mordus the Poker (level 3, -6/31 HPs)
             Began as a Hill Orc Monk on Oct 8, 2021.
             Mangled by an iguana (11 damage)
             ... on level 2 of the Dungeon.
             The game lasted 00:01:03 (1277 turns).

mordus the Poker (Hill Orc Monk)                    Turns: 1277, Time: 00:01:04

Health: -6/31      AC:  5    Str: 14    XL:     3   Next: 89%
Magic:  3/3        EV: 11    Int: 10    God:
Gold:   53         SH:  0    Dex: 13    Spells: 2/2 levels left

rFire   . . .      SeeInvis .   a - +0 spear
rCold   . . .      Faith    .   (no shield)
rNeg    . . .      Spirit   .   e - +0 ring mail
rPois   .          Reflect  .   (no helmet)
rElec   .          Harm     .   (no cloak)
rCorr   .          Rampage  .   (no gloves)
Will    .....                   (no boots)
Stlth   +.........              (no amulet)
HPRegen 0.10/turn               (no ring)
MPRegen 0.08/turn               (no ring)

@: no status effects
A: no striking features
a: no special abilities


You were on level 2 of the Dungeon.
You visited 1 branch of the dungeon, and saw 2 of its levels.

You collected 53 gold pieces.

Inventory:

Hand Weapons
 a - a +0 spear (weapon)
Armour
 b - a +0 robe
 e - a +0 ring mail (worn)
Jewellery
 c - an amulet of reflection
 j - a +6 ring of intelligence
Scrolls
 f - 2 scrolls of identify {unknown}
 g - a scroll of teleportation {unknown}
 l - a scroll of amnesia {unknown}
 n - 2 scrolls of immolation {unknown}
 o - a scroll of summoning {unknown}
 p - a scroll of acquirement {unknown}
Potions
 d - 2 potions of curing {unknown}
 h - 2 potions of lignification {unknown}
 i - a potion of resistance {unknown}
 k - 2 potions of attraction {unknown}
 m - a potion of heal wounds {unknown}


   Skills:
 - Level 3.6 Fighting
 * Level 4.6 Polearms
 + Level 1.9 Armour
 - Level 2.4 Dodging
 - Level 1.5 Stealth


You had 2 spell levels left.
You didn't know any spells.
Your spell library contained the following spells:

 Spells                   Type           Power      Damage    Failure   Level
 Ensorcelled Hibernation  Hex/Ice        0%         N/A       75%         2
 Tukima's Dance           Hex            0%         N/A       92%         3


Dungeon Overview and Level Annotations

Branches:
Dungeon (2/15)

Altars:


Message History

The iguana barely misses you.
There are monsters nearby!
There are monsters nearby!
You hit the iguana.
The iguana is heavily wounded.
The rat bites you but does no damage. The iguana bites you!
There are monsters nearby!
You closely miss the iguana.
The iguana is heavily wounded.
The rat barely misses you. The iguana bites you!
There are monsters nearby!
You are too injured to fight recklessly!
You are too injured to fight recklessly!
There are monsters nearby!
You are too injured to fight recklessly!
There are monsters nearby!
You are too injured to fight recklessly!
You are too injured to fight recklessly!
The iguana closely misses you.
You are too injured to fight recklessly!
You are too injured to fight recklessly!
You are too injured to fight recklessly!
You are too injured to fight recklessly!
The rat barely misses you.
You completely miss the rat. The rat bites you but does no damage.
You hit the rat.
You kill the rat!
Reach: a) +0 spear
Press: ? - help, Dir - move target, f - iguana
Aim: an iguana (heavily wounded, about 34% to evade your +0 spear)
You reach to attack!
You closely miss the iguana.
The iguana is heavily wounded.
You closely miss the iguana.
The iguana is heavily wounded.
The iguana bites you!
* * * LOW HITPOINT WARNING * * *
You closely miss the iguana.
The iguana is heavily wounded.
The iguana bites you!
You die...

........... ..
..........# ...# ##
#...........####...# .
+.......#.#.#.#.#.. #
#..............>..
.......#.#.#.#.#..
................[
.#####.#####.#l#(#.#...
.......###.^...@.......
######......#.#.#.#.#...
.......)†.............
######......#.#.#.#.#..
#.......#######...
#.......# ..# #.......#
.# #.......# . #.......#


You could see an iguana.

Vanquished Creatures
  2 adders (D:2)
  2 dart slugs
  An endoplasm (D:1)
  A goblin (D:1)
  3 hobgoblins
  5 quokkas
  9 ball pythons
  4 bats
  2 frilled lizards
  2 kobolds
  4 rats (D:2)
35 creatures vanquished.

Notes
Turn   | Place    | Note
-------+----------+-------------------------------------------
     0 | D:1      | mordus the Hill Orc Monk began the quest for the Orb.
     0 | D:1      | Reached XP level 1. HP: 19/19 MP: 1/1
     2 | D:1      | Noticed a demonspawn
     2 | D:1      | Noticed a formicid
     4 | D:1      | Noticed a merfolk
     4 | D:1      | Noticed an elf
     6 | D:1      | Noticed a tengu
     8 | D:1      | Noticed a dwarf
     8 | D:1      | Noticed a vampire
    12 | D:1      | Noticed a troll
    14 | D:1      | Noticed a gargoyle
    14 | D:1      | Noticed a demigod
    16 | D:1      | Noticed a felid
    16 | D:1      | Noticed a human
    18 | D:1      | Noticed a minotaur
    20 | D:1      | Noticed a vine stalker
    20 | D:1      | Noticed a draconian
    22 | D:1      | Noticed a spriggan
    22 | D:1      | Noticed a ghoul
    24 | D:1      | Noticed a naga
    24 | D:1      | Noticed an octopode
    26 | D:1      | Noticed an ogre
   196 | D:1      | Reached XP level 2. HP: 21/26 MP: 2/2
   272 | D:1      | Reached skill level 1 in Armour
   289 | D:1      | Found a faded altar of an unknown god.
   365 | D:1      | Reached skill level 4 in Polearms
   855 | D:2      | Reached XP level 3. HP: 27/31 MP: 3/3
  1277 | D:2      | Mangled by an iguana

Illustrated notes

Levels and vault maps discovered:
D:1:      kb_arrival_jail, layout_rooms, hellmonk_ecumenical_altar_run_dry
D:2:      minmay_razor_zed, layout_basic, st_stairs_9

Skill      XL: |  1  2 |
---------------+-------+-----
Armour         | 1 |  1.9
Polearms       | 4 |  4.6
Fighting       | |  3.6
Dodging        | |  2.4
Stealth        | |  1.5

Action                   || total
-------------------------++-------
Melee: Spear             ||   144
 Stab: Sleeping          ||     1
Armor: Ring mail         ||    42
Dodge: Dodged            ||    69

Table legend: (Time is in decaauts)
 A = Elapsed time spent in this place.
 B = Non-inter-level travel time spent in this place.
 C = Inter-level travel time spent in this place.
 D = Time resting spent in this place.
 E = Time spent auto-exploring this place.
 F = Levels seen in this place.
 G = Mean time per level.
                   A        B        C        D        E       F      G
               +--------+--------+--------+--------+--------+-----+--------+
         Total |   1262 |   1248 |     14 |      0 |   1006 |   2 |  631.0 |
       Dungeon |   1262 |   1248 |     14 |      0 |   1006 |   2 |  631.0 |
               +--------+--------+--------+--------+--------+-----+--------+

Top non-repeatable levels by time:
     D:1: 711 daAuts
     D:2: 550 daAuts
